 Dungeon Crawl Stone Soup version 0.01-2115-ge649c80b0b (webtiles) character file.

Game seed: 1601202564182969994, levelgen mode: deterministic

2224 Lanoc the Fighter (level 9, -8/82 HPs) Cyan Draconian Demonspawn. Began on June 6, 2020. Was a Follower of Cheibriados. Mangled by an orc warrior ... wielding a +0 dire flail (27 damage) ... on level 5 of the Dungeon. The game lasted 00:11:33 (4208 turns).

Lanoc the Fighter (Cyan Draconian Demonspawn)       Turns: 4208, Time: 00:11:34

Health: -8/82      AC: 15    Str: 24    XL:     9 ^: 2350
Magic:  13/13      EV: 22    Int: 14    God:    Cheibriados [*..... (34)]
Gold:   382        SH:  8    Dex: 21    Spells: 12/13 levels left

rFire    . . .     Vision   .   a - +0 long sword
rCold    . . .     Gourm    +   o - +1 buckler {AC+3}
rNeg     . . .     Faith    .   (armour unavailable)
rPois    .         Spirit   .   (helmet restricted)
rElec    .         Reflect  .   (no cloak)
rCorr    .         Harm     .   (no gloves)
MR       .....                  n - +0 pair of boots
Stlth    +++.......             f - amulet of the gourmand
HPRegen  0.37/turn              b - ring of strength
MPRegen  0.23/turn              (no ring)

@: agile, short of breath, very slow
A: no body armour, unfitting armour, claws 2, icy blue scales 2, powered by pain
1, cold-blooded, rot immunity, air enhancer 1, rCloud, rAir, AC +8
a: Breathe Blast of Wind, Bend Time, Renounce Religion


You were on level 5 of the Dungeon.
You worshipped Cheibriados.
Cheibriados was aware of your devotion.
You were near starving.

You visited 2 branches of the dungeon, and saw 6 of its levels.

You collected 382 gold pieces.

Inventory:

Weapons
 a - a +0 long sword (weapon) Shields
 o - a +1 buckler of protection (shield)
Armour
 n - a +0 pair of boots (worn)
Jewellery
 b - a ring of strength (left claw)
 f - an amulet of the gourmand (around neck)
Wands
 q - a wand of disintegration (12)
Scrolls
 d - 4 scrolls of enchantment
 e - 5 scrolls of teleportation
 i - 2 scrolls of amnesia
 j - 2 scrolls of fog
 l - a scroll of magic mapping
Potions
 h - a potion of cancellation
 k - a potion of haste
 p - 6 potions of might
 s - 2 potions of lignification
Comestibles
 c - 10 rations


   Skills:
 + Level 8.4 Fighting
 - Level 1.5 Long Blades
 + Level 6.1 Dodging
 - Level 1.3 Stealth
 + Level 3.7 Shields
 - Level 2.6 Spellcasting
 + Level 5.9 Invocations


You had 12 spell levels left.
You knew the following spells:

 Your Spells              Type           Power        Failure   Level  Hunger
a - Flame Tongue          Fire           1 (40)       28%         1    #......

Your spell library contained the following spells:

 Spells                   Type           Power        Failure   Level  Hunger
 Animate Skeleton         Necr           N/A          28%         1    #......
 Pain                     Hex/Necr       1 (25)       28%         1    #......
 Blink                    Tloc           N/A          38%         2    ###....
 Call Imp                 Summ           1 (100)      38%         2    ###....
 Slow                     Hex            1 (100)      38%         2    ###....
 Conjure Flame            Fire           1 (100)      63%         3    ###....
 Mephitic Cloud           Pois/Air       1 (100)      63%         3    ###....
 Regeneration             Chrm/Necr      1 (200)      63%         3    ###....
 Vampiric Draining        Necr           1 (200)      63%         3    ###....
 Animate Dead             Necr           N/A          95%         4    #####..


Dungeon Overview and Level Annotations

Branches:
Dungeon (5/8)              Temple (1/1) D:4
   Lair: D:5

Altars:
Ashenzari
Cheibriados
Dithmenos
Elyvilon
Fedhas
Gozag
Hepliaklqana
Kikubaaqudgha
Makhleb
Nemelex Xobeh
Okawaru
Qazlal
Ru
Sif Muna
Trog
Wu Jian
Xom
Yredelemnul
Zin
The Shining One


Innate Abilities, Weirdness & Mutations

You cannot fit into any form of body armour.
Your empereal azure scales are hard. (AC +8)
You can breathe strong gales of wind.
You have very sharp fingernails. (+4 Unarmed)
You are mostly covered in icy blue scales. (AC +3)
You sometimes gain a little power by taking damage.
You are cold-blooded and may be slowed by cold attacks.
You are immune to rotting.
You are in touch with the powers of the sky.
Your empereal azure scales grant you immunity to the effects of clouds and air. (rCloud, rAir)


Message History

The orc warrior is heavily wounded. (11/27) HP The orc warrior hits you with a +0 dire flail (12)!
* * * LOW HITPOINT WARNING * * *
You exhale a mighty gale!
The orc warrior collides with something!
You feel somewhat more hungry. The orc warrior closely misses you (0).
You hit the orc warrior (1). You tail-slap the orc warrior (1).
The orc warrior is severely wounded. (7/27) HP The orc warrior closely misses you (0).
You hit the orc warrior but do no damage.
You tail-slap the orc warrior, but do no damage.
The orc warrior is severely wounded. (7/27) HP You block the orc warrior's attack.
The orc warrior barely misses you (0).
You hit the orc warrior but do no damage.
You tail-slap the orc warrior, but do no damage.
The orc warrior is severely wounded. (8/27) HP You block the orc warrior's attack.
You feel better.
The orc warrior hits you with a +0 dire flail (27)!!
You die...

..#...#.###.# #
............#
#######.####....
#.##...###.# #
#.......>..# ####.#.#####
#..#†## . #####o###.## .
#.## #..@o{# ##.# ..
#..†. #.###c###.#####...
#....Z##.# #..#.##.......
......[))###.#....†......
#.....##).†..#.##†.......
.oo.. #######.##†#####..
##.# #.##.'...# #
..####)#.# .## #####


You could see an orc warrior, a centaur and an orc.

Vanquished Creatures
  A spriggan (D:5)
  3 porcupines
  2 orc warriors
  A sky beast (D:5)
  An ice beast (D:5)
  3 ogres (D:5)
  2 big kobolds (D:2)
  A bullfrog (D:4)
  A scorpion (D:5)
  2 howler monkeys
  A quasit (D:4)
  A crimson imp (D:4)
  4 jellies (D:2)
  A hound (D:5)
  3 orc wizards
  2 worker ants
  A bullfrog zombie (D:4)
  4 bullfrog skeletons
  7 adders
  20 sewer rats (D:2)
  A shadow imp (D:4)
  3 worms (D:2)
  4 cinder newts
  An ooze (D:4)
  6 leopard geckos
  14 orcs
  2 adder skeletons (D:2)
  3 giant cockroaches
  A goblin (D:1)
  A hobgoblin (D:1)
  3 jackals (D:4)
  4 quokkas (D:4)
  A ball python (D:2)
  A bat (D:1)
  A bat skeleton (D:2)
  A hobgoblin skeleton (D:2)
  14 kobolds
  A quokka skeleton (D:5)
  2 rats (D:2)
  A rat skeleton (D:2)
126 creatures vanquished.

Vanquished Creatures (others)
  7 withered plants (D:2)
7 creatures vanquished.

Grand Total: 133 creatures vanquished

Notes
Turn   | Place    | Note
-------+----------+-------------------------------------------
     0 | D:1      | Lanoc the Immature Draconian Demonspawn began the quest for
                  | the Orb.
     0 | D:1      | Reached XP level 1. HP: 18/18 MP: 4/4
   177 | D:1      | Gained mutation: You are immune to rotting. [demonic
                  | ancestry]
   177 | D:1      | Reached XP level 2. HP: 25/25 MP: 5/5
   331 | D:2      | Reached skill level 3 in Fighting
   336 | D:2      | Gained mutation: You have sharp fingernails. (+2 Unarmed)
                  | [demonic ancestry]
   336 | D:2      | Reached XP level 3. HP: 26/31 MP: 1/7
   387 | D:2      | Gained mutation: You sometimes gain a little power by
                  | taking damage. [demonic ancestry]
   387 | D:2      | Reached XP level 4. HP: 40/40 MP: 6/8
   402 | D:2      | Reached skill level 4 in Fighting
   438 | D:2      | Gained mutation: You are partially covered in icy blue
                  | scales. (AC +2) [demonic ancestry]
   438 | D:2      | Reached XP level 5. HP: 15/47 MP: 9/9
   613 | D:2      | Reached skill level 5 in Fighting
   692 | D:2      | Gained mutation: You have very sharp fingernails. (+4
                  | Unarmed) [demonic ancestry]
   692 | D:2      | Reached XP level 6. HP: 52/56 MP: 5/10
   722 | D:2      | Found an opulent altar of Gozag.
   722 | D:2      | Found a hazy altar of Hepliaklqana.
   724 | D:2      | Found a sacrificial altar of Ru.
   724 | D:2      | Found a burning altar of Makhleb.
   884 | D:2      | Reached skill level 6 in Fighting
  1468 | D:2      | Your scales start taking on an empereal azure colour.
  1468 | D:2      | Reached XP level 7. HP: 53/63 MP: 6/11
  1468 | D:2      | Gained mutation: Your empereal azure scales grant you
                  | immunity to the effects of clouds and air. (rCloud, rAir)
                  | [Cyan Draconian growth]
  1468 | D:2      | Gained mutation: You are in touch with the powers of the
                  | sky. [Cyan Draconian growth]
  1906 | D:3      | Reached skill level 1 in Shields
  2395 | D:4      | Reached skill level 5 in Dodging
  2457 | D:4      | Reached skill level 7 in Fighting
  2988 | D:4      | Found a basalt altar of Yredelemnul.
  3029 | D:4      | Reached XP level 8. HP: 57/73 MP: 12/12
  3468 | D:4      | Found a staircase to the Ecumenical Temple.
  3472 | Temple   | Entered the Ecumenical Temple
  3749 | Temple   | Became a worshipper of Cheibriados the Contemplative
  3906 | D:5      | Entered Level 5 of the Dungeon
  4071 | D:5      | Reached skill level 8 in Fighting
  4074 | D:5      | Reached skill level 5 in Invocations
  4134 | D:5      | Reached * piety under Cheibriados
  4134 | D:5      | Gained mutation: You are mostly covered in icy blue scales.
                  | (AC +3) [demonic ancestry]
  4134 | D:5      | Reached XP level 9. HP: 48/81 MP: 13/13
  4178 | D:5      | HP: 4/82 [orc warrior/+0 war axe (15)]
  4208 | D:5      | Mangled by an orc warrior

Levels and vault maps discovered:
D:1:      mrwooster_arrival_statue, layout_basic
D:2:      layout_sewer, grunt_temple_overflow_open, first_ration
D:3:      layout_basic
D:4:      layout_stronghold, bcadren_lemuel_inverted_doored_altar,
          temple_statues
D:5:      layout_loops_cross, lemuel_coloured_pillars_altar, dpeg_lair_monsters,
          basic_altar, the_bakery
Temple:   regret_index_temple_generic_petals

Skill      XL: |  1  2  3  4  5  6  7  8 |
---------------+-------------------------+-----
Fighting       | 3 4 5 6 7 8 |  8.4
Dodging        | 3 4 5 6 |  6.1
Shields        | 2 3 |  3.7
Invocations    | 5 |  5.9
Long Blades    | |  1.5
Stealth        | |  1.3
Spellcasting   | |  2.6

Action                   |  1- 3 |  4- 6 |  7- 9 || total
-------------------------+-------+-------+-------++-------
Melee: Long sword        |    13 |    87 |   296 ||   396
       Unarmed           |     8 |    56 |       ||    64
       Tailslap          |     1 |    13 |    61 ||    75
 Cast: Flame Tongue      |     8 |    30 |     1 ||    39
 Abil: Breathe Dart      |     1 |     2 |       ||     3
       Breathe Blast of  |       |       |    10 ||    10
  Use: Potion            |       |       |     6 ||     6
 Stab: Sleeping          |       |     2 |     4 ||     6
       Distracted        |       |     1 |       ||     1
  Eat: Chunk             |       |     3 |    11 ||    14
Armor: Skin              |     4 |    28 |   121 ||   153
Dodge: Dodged            |    13 |   109 |   230 ||   352
Block: Buckler           |       |     4 |   102 ||   106
       Rpst.: Unarmed    |     6 |    25 |       ||    31
       Long sword        |     5 |    32 |    57 ||    94
